 Dungeon Crawl Stone Soup version 0.30-a0-137-gd8773701ce (webtiles) character file.

Game seed: 6666836723927011415

620 themarg the Covert (level 7, -4/37 HPs)
             Began as a Kobold Enchanter on Sept 22, 2022.
             Was a Follower of Dithmenos.
             Slain by a gnoll
             ... wielding a +0 club
              (6 damage)
             ... on level 5 of the Dungeon.
             The game lasted 00:45:08 (8218 turns).

themarg the Covert (Kobold Enchanter)               Turns: 8218, Time: 00:45:08

Health: -4/37      AC:  3    Str:  5    XL:     7   Next: 74%
Magic:  6/11       EV: 15    Int: 19    God:    Dithmenos [*.....]
Gold:   297        SH:  0    Dex: 15    Spells: 7/12 levels left

rFire   . . .      SeeInvis .    r - +2 dagger (venom)
rCold   . . .      Faith    .    (no shield)
rNeg    . . .      Spirit   .    b - +0 robe
rPois   .          Reflect  .    (no helmet)
rElec   .          Harm     .    (no cloak)
rCorr   .          Rampage  .    (no gloves)
Will    .....                    w - +0 pair of boots
Stlth   ++++++....               (no amulet)
HPRegen 0.12/turn                (no ring)
MPRegen 0.12/turn                (no ring)

@: confusing by touch, wreathed by umbra
A: small, no large weapons, nightstalker 3
a: Renounce Religion


You were on level 5 of the Dungeon.
You worshipped Dithmenos.
Dithmenos was aware of your devotion.
You visited 2 branches of the dungeon, and saw 7 of its levels.

You collected 297 gold pieces.

Inventory:

Hand Weapons
 a - a +1 dagger
 r - a +2 dagger of venom (weapon)
Missiles
 j - 8 poisoned darts (quivered)
 u - 14 stones
Armour
 b - a +0 robe (worn)
 w - a +0 pair of boots (worn)
Wands
 q - a wand of paralysis (3)
Scrolls
 d - a scroll of teleportation {unknown}
 e - a scroll of brand weapon {unknown}
 g - 2 scrolls of poison
 h - a scroll of fear {unknown}
 k - a scroll of vulnerability {unknown}
 l - a scroll of enchant weapon {unknown}
 n - a scroll of fog
 t - a scroll of noise {unknown}
 v - 3 scrolls of torment {unknown}
Potions
 c - 2 potions of mutation {unknown}
 f - 2 potions of magic {unknown}
 i - 2 potions of attraction {unknown}
 m - 5 potions of heal wounds {unknown}
 o - a potion of haste {unknown}
 p - a potion of degeneration {unknown}
 s - a potion of brilliance {unknown}
 x - a potion of flight {unknown}
 z - 2 potions of might {unknown}
 A - a potion of lignification {unknown}


   Skills:
 - Level 0.4 Fighting
 - Level 1.4 Short Blades
 - Level 2.4 Dodging
 + Level 8.8 Stealth
 - Level 3.0 Spellcasting
 * Level 5.8 Hexes
 - Level 0.8 Ice Magic


You had 7 spell levels left.
You knew the following spells:

 Your Spells              Type           Power      Damage    Failure   Level
a - Ensorcelled Hibernat  Hex/Ice        30%        N/A       6%          2
b - Confusing Touch       Hex            24%        N/A       4%          3

Your spell library contained the following spells:

 Spells                   Type           Power      Damage    Failure   Level
 Tukima's Dance           Hex            24%        N/A       4%          3
 Dazzling Flash           Conj/Hex       26%        N/A       14%         3
 Portal Projectile        Hex/Tloc       26%        N/A       14%         3
 Apportation              Tloc           4%         N/A       16%         1
 Necrotise                Necr           8%         1d4       16%         1
 Call Canine Familiar     Summ           2%         N/A       41%         3
 Vampiric Draining        Necr           2%         2d6       41%         3
 Leda's Liquefaction      Hex/Erth       6%         N/A       43%         4
 Agony                    Necr           2%         N/A       99%         5
 Alistair's Intoxication  Tmut/Pois      1%         N/A       99%         5


Dungeon Overview and Level Annotations

Branches:
Dungeon (6/15)             Temple (1/1) D:4

Altars:
Ashenzari
Cheibriados
Dithmenos
Elyvilon
Gozag
Kikubaaqudgha
Makhleb
Nemelex Xobeh
Okawaru
Qazlal
Ru
Sif Muna
Trog
Wu Jian
Yredelemnul
The Shining One

Shops:
D:4 (   D:5 [

Annotations:
D:3 Grinder, Sigmund
D:4 Blork the orc
D:5 exclusion: 2 orcs
Temple 2 transporters


Innate Abilities, Weirdness & Mutations

You are small and have problems with some larger weapons.
You are completely attuned to the shadows.


Message History

Moving in this stuff is going to be slow.
A gnoll comes into view. It is wielding a +0 flail.
A gnoll comes into view. It is wielding a +0 flail.
Casting: Ensorcelled Hibernation (safe; 6% risk of failure)
Confirm with . or Enter, or press ? or * to list all spells.
Your hands begin to glow red.
The gnoll shouts! x2; You hear a shout!
You barely miss the gnoll. The gnoll barely misses you.
A gnoll comes into view. It is wielding a +0 club.
You hit the gnoll but do no damage.
The gnoll appears confused.
You catch the helpless gnoll completely off-guard!
You impale the gnoll!!
You kill the gnoll!
Dithmenos accepts your kill.
You hit the gnoll but do no damage. The gnoll hits you with a +0 flail.
You completely miss the gnoll. The gnoll closely misses you.
The gnoll hits you with a +0 flail.
You hit the gnoll but do no damage.
The gnoll is poisoned.
The gnoll barely misses you. The gnoll hits you with a +0 flail!
You hit the gnoll.
The gnoll is poisoned.
The gnoll is lightly wounded.
The gnoll barely misses you. The gnoll closely misses you.
You barely miss the gnoll.
The gnoll is lightly wounded.
The gnoll closely misses you. The gnoll barely misses you.
Casting: Confusing Touch (dangerous; 4% risk of failure)
Confirm with . or Enter, or press ? or * to list all spells.
Your hands begin to glow red.
The gnoll hits you with a +0 club!
* * * LOW HITPOINT WARNING * * *
The gnoll hits you with a +0 flail.
* * * LOW HITPOINT WARNING * * *
You hit the gnoll but do no damage.
The gnoll is lightly wounded.
The gnoll hits you with a +0 club.
* * * LOW HITPOINT WARNING * * *
The gnoll hits you with a +0 flail.
* * * LOW HITPOINT WARNING * * *
As you read the scroll of fog, it crumbles to dust.
The scroll dissolves into smoke.
The gnoll hits you with a +0 club.
You die...

.≈~~≈≈≈≈ ##...#
#.###.##...####
.~≈~#######.#..####.#
#......>..#
.~~~................#
#.........#
~~~..####....##.#####
#..........
.~~~.#.......#.##
.......###
≈~~~~#.####.#..#
.#...## ~~~≈.#.#
##.#§### ... ~~~~...#
###§§§# ~~~≈.#.#
#§§@## ~~≈~.#.#
##§gg## ~~~~.#.#
#§§§§# ~~~....#
###..## ~.~~...#
#..### ~~≈~...#
#..###. ≈≈≈≈...#
#..##.. ≈≈~....#
≈~.....


You could see 2 gnolls.

Vanquished Creatures
  A centaur (D:5)
  A scorpion (D:4)
  3 hounds
  A gnoll bouda (D:4)
  A jelly (D:5)
  2 orc wizards
  An iguana (D:5)
  Robin (D:2)
  9 gnolls
  4 adders
  A shadow imp (D:6)
  A white imp (D:5)
  An ufetubus (D:2)
  2 worms
  A dart slug (D:1)
  9 orcs
  2 bats
  8 endoplasms
  2 giant cockroaches
  12 goblins
  10 hobgoblins
  2 jackals (D:2)
  5 quokkas
  8 ball pythons
  3 frilled lizards (D:1)
  6 kobolds
  3 rats
100 creatures vanquished.

Vanquished Creatures (others)
  8 plants (D:4)
8 creatures vanquished.

Grand Total: 108 creatures vanquished

Notes
Turn   | Place    | Note
-------+----------+-------------------------------------------
     0 | D:1      | themarg the Kobold Enchanter began the quest for the Orb.
     0 | D:1      | Reached XP level 1. HP: 10/10 MP: 3/3
    78 | D:1      | Reached XP level 2. HP: 11/15 MP: 5/5
   161 | D:1      | Learned a level 2 spell: Ensorcelled Hibernation
  1004 | D:2      | Reached XP level 3. HP: 19/19 MP: 1/6
  1179 | D:2      | Reached skill level 5 in Stealth
  1338 | D:2      | Found a faded altar of an unknown god.
  1780 | D:2      | Identified the +3 ring mail of the Kettle-Drum {Will++}
  2190 | D:2      | Noticed Robin
  2228 | D:2      | Reached XP level 4. HP: 21/24 MP: 3/7
  2312 | D:2      | Killed Robin
  3247 | D:3      | Noticed Sigmund
  3498 | D:3      | Noticed Grinder
  3527 | D:2      | Reached XP level 5. HP: 23/28 MP: 7/9
  3995 | D:3      | Reached skill level 6 in Stealth
  4766 | D:4      | Found a staircase to the Ecumenical Temple.
  4771 | Temple   | Entered the Ecumenical Temple
  4775 | Temple   | Found a transporter.
  4775 | Temple   | Found a transporter.
  4777 | Temple   | Found a transporter.
  4777 | Temple   | Found a transporter.
  4805 | Temple   | Became a worshipper of Dithmenos the Shadowed
  5080 | D:4      | Found Xuklir's Weapon Shoppe.
  5174 | D:4      | Noticed Blork the orc
  5668 | D:4      | Learned a level 3 spell: Confusing Touch
  5680 | D:4      | Reached skill level 7 in Stealth
  5680 | D:4      | Reached XP level 6. HP: 33/33 MP: 7/10
  5793 | D:4      | Found a glowing golden altar of the Shining One.
  6226 | D:4      | You fall into a shaft and drop 2 floors!
  6610 | D:6      | Reached * piety under Dithmenos
  6680 | D:5      | Entered Level 5 of the Dungeon
  6863 | D:4      | Reached XP level 7. HP: 17/37 MP: 9/11
  7141 | D:4      | Reached skill level 5 in Hexes
  7146 | D:4      | Reached skill level 8 in Stealth
  7537 | D:5      | Found Wuloppun's Armour Shoppe.
  7920 | D:5      | Found an ancient bone altar of Kikubaaqudgha.
  8218 | D:5      | Slain by a gnoll

Illustrated notes

Levels and vault maps discovered:
D:1:      eino_arrival_cavern_b, layout_rooms, minmay_lizard_pond
D:2:      layout_basic, ebering_ecumenical_altar_sacrificial, uniq_robin
D:3:      layout_basic, uniq_grinder, uniq_sigmund
D:4:      cheibrodos_helix_gallery, layout_layer_cave,
          nicolae_tso_carved_into_rock, minmay_temple_entry_overgrown,
          serial_shops, shop, minmay_crystal_water, uniq_blork_the_orc
D:5:      layout_loops_ring, amcnicky_altar_gilded, serial_shops,
          nicolae_shop_stone, chequers_serial_rivers_large_a, dk_vineyard_2,
          hangedman_glass_teeth, item_on_display_a
D:6:      nicolae_cairo_tiling_large, layout_cave_pools, nrook_campfire,
          minmay_checkerbox, uniq_menkaure
Temple:   hellmonk_temple_divided_pantheon

Skill      XL: |  1  2  3  4  5  6  7 |
---------------+----------------------+-----
Stealth        | 5 7 8 |  8.8
Spellcasting   | 3 |  3.0
Hexes          | 4 5 |  5.8
Fighting       | |  0.4
Short Blades   | |  1.4
Dodging        | |  2.4
Ice Magic      | |  0.8

Action                   |  1- 3 |  4- 6 |  7- 9 || total
-------------------------+-------+-------+-------++-------
Melee: Dagger            |    65 |   124 |    43 ||   232
       Punch             |       |     1 |       ||     1
 Cast: Ensorcelled Hiber |    21 |    51 |     2 ||    74
       Confusing Touch   |       |     2 |     5 ||     7
  Use: Potion            |       |     2 |       ||     2
       Scroll            |       |     4 |     1 ||     5
 Stab: Sleeping          |    20 |    27 |     7 ||    54
       Distracted        |     1 |     2 |       ||     3
       Invisible         |       |     1 |       ||     1
       Confused          |       |     1 |     1 ||     2
Armor: Robe              |     7 |     9 |     2 ||    18
Dodge: Dodged            |    54 |    92 |    27 ||   173

Table legend: (Time is in decaauts)
 A = Elapsed time spent in this place.
 B = Non-inter-level travel time spent in this place.
 C = Inter-level travel time spent in this place.
 D = Time resting spent in this place.
 E = Time spent auto-exploring this place.
 F = Levels seen in this place.
 G = Mean time per level.
                   A        B        C        D        E       F      G
               +--------+--------+--------+--------+--------+-----+--------+
         Total |   8224 |   7773 |    451 |   2957 |   2468 |   7 | 1174.9 |
       Dungeon |   8171 |   7720 |    451 |   2957 |   2468 |   6 | 1361.8 |
        Temple |     52 |     52 |      0 |      0 |      0 |   1 |   52.0 |
               +--------+--------+--------+--------+--------+-----+--------+

Top non-repeatable levels by time:
     D:2: 2594 daAuts
     D:4: 2093 daAuts
     D:3: 1292 daAuts
     D:1: 995 daAuts
     D:5: 743 daAuts
     D:6: 451 daAuts
  Temple: 52 daAuts
